 Dungeon Crawl Stone Soup version 0.26-a0-542-gbaa144ba5c (webtiles) character file.

Game seed: 4594972532173627682

(classic levelgen) 1744 EnegeticOcto the Cleaver (level 8, 51/68 HPs)
             Began as a Deep Dwarf Fighter on Aug 18, 2020.
             Quit the game on level 6 of the Dungeon.
             The game lasted 00:07:00 (1519 turns).

EnegeticOcto the Cleaver (Deep Dwarf Fighter)       Turns: 1519, Time: 00:07:00

Health: 51/68      AC: 17    Str: 21    XL:     8   Next: 77%
Magic:  4/4        EV:  3    Int:  9    God:
Gold:   226        SH:  9    Dex: 13    Spells: 7/7 levels left

rFire    . . .     SeeInvis +   a - +0 war axe
rCold    . . .     Faith    .   c - +0 kite shield
rNeg     . . .     Spirit   .   g - +0 plate armour
rPois    .         Reflect  .   o - +2 helmet {SInv}
rElec    .         Harm     .   r - +0 cloak
rCorr    .                      (no gloves)
MR       +....                  n - +1 pair of boots
Stlth    ..........             (no amulet)
HPRegen  0.00/turn              (no ring)
MPRegen  0.09/turn              (no ring)

@: non-regenerating
A: damage resistance, heal wounds, sense surroundings 1, no regeneration
a: Heal Wounds


You were on level 6 of the Dungeon.
You visited 1 branch of the dungeon, and saw 7 of its levels.

You collected 226 gold pieces.

Inventory:

Hand Weapons
 a - a +0 war axe (weapon)
Missiles
 j - 2 boomerangs (quivered)
 t - 8 silver javelins
Armour
 b - a +0 scale mail
 c - a +0 kite shield (worn)
 g - a +0 plate armour (worn)
 n - a +1 pair of boots (worn)
 o - a +2 helmet of see invisible (worn)
 r - a +0 cloak (worn)
Wands
 l - a wand of polymorph (8)
 u - a wand of paralysis (5)
Scrolls
 e - a scroll of immolation
 f - 2 scrolls of identify {@r1}
 h - a scroll of fog {!r}
 k - a scroll of torment {unknown}
Potions
 d - a potion of might {@q3 !q}
 i - a potion of curing {@q1 !q}
 m - a potion of brilliance {unknown}
 p - a potion of invisibility {unknown}
 q - a potion of mutation {unknown}
 s - a potion of berserk rage {unknown}


   Skills:
 - Level 2.6 Fighting
 + Level 12.2 Axes
 - Level 3.2 Armour
 - Level 3.2 Shields


You had 7 spell levels left.
You didn't know any spells.
Your spell library contained the following spells:

 Spells                   Type           Power        Failure   Level
 Confusing Touch          Hex            #.......     100%        3
 Gell's Gravitas          Tloc           #.........   100%        3
 Petrify                  Tmut/Erth      #.......     100%        4
 Metabolic Englaciation   Hex/Ice        #.........   100%        5
 Yara's Violent Unravell  Hex/Tmut       #.........   100%        5


Dungeon Overview and Level Annotations

Branches:
Dungeon (7/15)
 Temple: D:4-7

Altars:
Gozag
Kikubaaqudgha
Ru


Innate Abilities, Weirdness & Mutations

You are resistant to damage.
You can heal yourself by infusing magical energy.
You passively map a small area around you.
You do not regenerate.


Message History

Found a stone staircase leading up.
You block the orc's attack. The ogre hits you with a +0 giant club!
You closely miss the orc. You hit the ogre. You block the orc's attack.
The orc hits you with a +0 morningstar. The ogre hits you with a +0 giant club.
Your magical essence is drained by the effort!
You feel much better. You block the orc's attack. The orc barely misses you.
The orc priest completely misses you.
You hit the ogre.
The ogre is moderately wounded.
You slash the orc!
You kill the orc!
Your plate armour prevents you from hitting the orc priest.
The ogre hits you with a +0 giant club! The orc hits you but does no damage.
The orc priest hits you but does no damage.
You hit the ogre.
The ogre is moderately wounded.
You closely miss the orc priest. The ogre hits you with a +0 giant club!
The orc hits you but does no damage.
You are too injured to fight recklessly!
You are too injured to fight recklessly!
You are too injured to fight recklessly!
You are too injured to fight recklessly!
You are too injured to fight recklessly!
You are too injured to fight recklessly!
You are too injured to fight recklessly!
You are too injured to fight recklessly!
You are too injured to fight recklessly!
You are too injured to fight recklessly!
You are too injured to fight recklessly!
You are too injured to fight recklessly!
You are too injured to fight recklessly!
You are too injured to fight recklessly!
You block the orc priest's attack. You block the orc's attack.
You block the ogre's attack.
Found a scroll of identify and 24 stones.
You see here a +0 morningstar.
You feel much better. You block the orc priest's attack.
The orc hits you but does no damage. The ogre hits you with a +0 giant club!
You hit the ogre.
The ogre is heavily wounded.
You closely miss the orc priest. You closely miss the orc.
You block the orc priest's attack. The orc hits you with a +0 trident.
You barely miss the ogre.
The ogre is heavily wounded.
You slash the orc priest!
Your shield and plate armour prevent you from hitting the orc.
You block the ogre's attack. You block the orc priest's attack.
You block the orc's attack.
You completely miss the orc priest.
The orc priest is heavily wounded.
Your shield and plate armour prevent you from hitting the ogre.
Your shield and plate armour prevent you from hitting the orc.
The ogre barely misses you. You block the orc priest's attack.
The orc barely misses you.
Your plate armour prevents you from hitting the orc priest.
The orc priest is heavily wounded.
You hit the ogre but do no damage. You hit the orc.
The ogre hits you with a +0 giant club. You block the orc's attack.
The orc priest calls down the wrath of Beogh upon you.
Pain shoots through your body!
You slash the orc priest!
You kill the orc priest!
Your Axes skill increases to level 12!
You slash the orc!
You kill the orc!
You hit the ogre. You hit the ogre but do no damage.
The ogre is heavily wounded.
The ogre hits you but does no damage.
You slice the ogre!!
You kill the ogre!
No target in view!
No target in view!
No target in view!
No target in view!
No target in view!
No target in view!
No target in view!
No target in view!
No target in view!
No target in view!
No target in view!
No target in view!
No target in view!
No target in view!
No target in view!
No target in view!
No target in view!
f - 2 scrolls of identify {@r1} (gained 1)
There is a stone staircase leading up here.
s - a ruby potion As you open the door, it creaks loudly!
There is an open door here.
There is an open door here.
There is a stone staircase leading up here.
You climb upwards.
There is a stone staircase leading down here.
Found 14 gold pieces.
You now have 226 gold pieces (gained 14).
Are you sure you want to abandon this character and quit the game? (Confirm with "yes".)

* ** #....##
*#..#### , ..# ,*
,** ##,, #.
######### #.##
###........
#..######..........
*#@.........######.
########..## ##
#....# # #####.#
*#.# ##


There were no monsters in sight!

Vanquished Creatures
  Grinder (D:6)
  A sky beast (D:6)
  4 ice beasts
  3 ogres
  Blork the orc (D:4)
  3 bullfrogs (D:7)
  A scorpion (D:5)
  A centaur zombie (D:6)
  2 orc priests (D:7)
  2 hounds
  Crazy Yiuf (D:4)
  3 orc wizards (D:7)
  3 centaur skeletons
  2 worker ants
  A hound skeleton (D:7)
  6 adders
  3 white imps
  An ufetubus (D:5)
  An adder skeleton (D:7)
  A worm (D:5)
  2 dart slugs (D:4)
  2 leopard geckos (D:4)
  12 orcs
  2 giant cockroaches
  4 jackals (D:4)
  2 quokkas (D:4)
  2 frilled lizards (D:4)
  A rat (D:2)
68 creatures vanquished.

Vanquished Creatures (others)
  A quokka (D:5)
1 creature vanquished.

Grand Total: 69 creatures vanquished

Notes
Turn   | Place    | Note
-------+----------+-------------------------------------------
     0 | D:1      | EnegeticOcto the Deep Dwarf Fighter began the quest for the
                  | Orb.
     0 | D:1      | Reached XP level 1. HP: 20/20 MP: 1/1
    54 | D:2      | Reached skill level 3 in Axes
    54 | D:2      | Reached XP level 2. HP: 21/27 MP: 2/2
   172 | D:4      | Noticed an ogre
   179 | D:4      | Your magical essence is drained by the effort!
   184 | D:4      | Your magical essence is drained by the effort!
   188 | D:4      | Killed an ogre
   188 | D:4      | Reached skill level 5 in Axes
   188 | D:4      | Reached XP level 3. HP: 25/33 MP: 1/1
   188 | D:4      | Reached XP level 4. HP: 30/40 MP: 2/2
   207 | D:4      | Noticed Blork the orc
   216 | D:4      | Killed Blork the orc
   216 | D:4      | Reached skill level 6 in Axes
   216 | D:4      | Reached XP level 5. HP: 25/46 MP: 3/3
   264 | D:5      | Entered Level 5 of the Dungeon
   296 | D:5      | Noticed an ice beast
   316 | D:5      | Killed an ice beast
   316 | D:5      | Reached skill level 7 in Axes
   316 | D:5      | Reached XP level 6. HP: 42/55 MP: 4/4
   397 | D:5      | Noticed an ice beast
   411 | D:5      | Reached skill level 8 in Axes
   415 | D:5      | Your magical essence is drained by the effort!
   418 | D:5      | Killed an ice beast
   418 | D:5      | Reached XP level 7. HP: 61/61 MP: 4/4
   553 | D:4      | Found a sacrificial altar of Ru.
   697 | D:4      | Found a runed translucent door.
   698 | D:4      | Noticed Crazy Yiuf
   704 | D:4      | Killed Crazy Yiuf
   784 | D:6      | Reached skill level 9 in Axes
   811 | D:6      | Found an ancient bone altar of Kikubaaqudgha.
   813 | D:6      | Noticed Grinder
   821 | D:6      | Killed Grinder
   902 | D:6      | Found an opulent altar of Gozag.
  1000 | D:6      | Reached skill level 10 in Axes
  1002 | D:6      | Reached XP level 8. HP: 53/68 MP: 5/5
  1265 | D:7      | Reached skill level 11 in Axes
  1459 | D:7      | Your magical essence is drained by the effort!
  1468 | D:7      | Reached skill level 12 in Axes
  1519 | D:6      | Quit the game

Illustrated notes

Levels and vault maps discovered:
D:1:      nzn_arrival_depleted_hourglass, layout_basic
D:2:      layout_basic, serial_aquarium, aquarium_bridge_square
          [aquarium_subvault_window, aquarium_subvault_wall,
          aquarium_subvault_bridge, aquarium_subvault_bridge],
          aquarium_window_1, aquarium_window_2, aquarium_view_2a,
          aquarium_view_2f, aquarium_balcony_5b, aquarium_pool_1,
          glass_columns_a
D:3:      layout_loops_cross, hangedman_decor_peaks_small, minmay_liquid_box,
          uniq_ijyb, uniq_purgy
D:4:      layout_layer_cave, nicolae_overflow_crystal_walls, grunt_decor_cap,
          uniq_edmund, uniq_blork_the_orc, uniq_crazy_yiuf_cottage
D:5:      layout_cave_pools, elyvilon_altar_4, minmay_temple_entry_hall,
          minivault_23, minmay_misc_feat_four_crosses, st_stairs_6,
          hangedman_abyss_or_decor_lesser_grid, uniq_menkaure
D:6:      layout_layer_cave, serial_shops, kennysheep_mini, basic_altar,
          abandoned_shop, nicolae_gozag_cash_rules_everything_around_me,
          uniq_grinder
D:7:      layout_gridville, led_sif_book, uniq_maggie

Skill      XL: |  1  2  3  4  5  6  7  8 |
---------------+-------------------------+-----
Axes           | 3 5 6 7 8 10 12 | 12.2
Fighting       | |  2.6
Armour         | |  3.2
Shields        | |  3.2

Action                   |  1- 3 |  4- 6 |  7- 9 || total
-------------------------+-------+-------+-------++-------
Melee: War axe           |    28 |    63 |   162 ||   253
 Abil: Heal Wounds       |     4 |     4 |     5 ||    13
Evoke: Wand              |       |       |     3 ||     3
  Use: Scroll            |       |       |    10 ||    10
 Stab: Paralysed         |       |       |     3 ||     3
Armor: Scale mail        |     7 |       |       ||     7
       Plate armour      |    16 |    56 |   123 ||   195
Dodge: Dodged            |    10 |    12 |    30 ||    52
Block: Kite shield       |    25 |    51 |   104 ||   180

Table legend: (Time is in decaauts)
 A = Elapsed time spent in this place.
 B = Non-inter-level travel time spent in this place.
 C = Inter-level travel time spent in this place.
 D = Time resting spent in this place.
 E = Time spent auto-exploring this place.
 F = Levels seen in this place.
 G = Mean time per level.
                   A        B        C        D        E       F      G
               +--------+--------+--------+--------+--------+-----+--------+
         Total |   1563 |   1483 |     80 |      0 |      9 |   7 |  223.3 |
       Dungeon |   1563 |   1483 |     80 |      0 |      9 |   7 |  223.3 |
               +--------+--------+--------+--------+--------+-----+--------+

Top non-repeatable levels by time:
     D:4: 406 daAuts
     D:7: 387 daAuts
     D:6: 362 daAuts
     D:5: 224 daAuts
     D:2: 131 daAuts
     D:1: 39 daAuts
     D:3: 12 daAuts
